 Dungeon Crawl Stone Soup version 0.30.1-3-gfc49f6343a (webtiles) character file.

Game seed: 5942932272803052400

5716 DemonSlayer the Thaumaturge (level 10, -8/68 HPs)
             Began as a Demonspawn Earth Elementalist on July 22, 2023.
             Was a Believer of Dithmenos.
             Killed by vampiric draining
             ... invoked by a vampire
              (17 damage)
             ... on level 9 of the Dungeon.
             The game lasted 00:18:21 (8210 turns).

DemonSlayer the Thaumaturge (DsEE)                  Turns: 8210, Time: 00:18:21

Health: -8/68      AC:  4    Str: 17    XL:     10   Next: 48%
Magic:  16/22      EV: 14    Int: 16    God:    Dithmenos [**....]
Gold:   448        SH:  0    Dex: 22    Spells: 16/26 levels left

rFire   . . .        r - +3 dagger (venom)
rCold   . . .        (no shield)
rNeg    . . .        a - +1 robe
rPois   +            (helmet restricted)
rElec   .            (no cloak)
rCorr   .            j - +0 pair of gloves
SInv    .            (no boots)
Will    .....        (no amulet)
Stlth   +++++        w - +6 ring of dexterity
HPRegen 0.31/turn    z - +6 ring of strength
MPRegen 0.18/turn

%: no passive effects
@: wreathed by umbra
A: horns 1, demonic guardian 2, demonic magic 2, poison resistance
a: Renounce Religion, Shadow Step


You were on level 9 of the Dungeon.
You worshipped Dithmenos.
Dithmenos was pleased with you.
You visited 2 branches of the dungeon, and saw 10 of its levels.

You collected 448 gold pieces.

Inventory:

Hand Weapons
 r - a +3 dagger of venom (weapon)
Missiles
 n - 4 curare-tipped darts
 p - a throwing net
Armour
 a - a +1 robe (worn)
 j - a +0 pair of gloves (worn)
Jewellery
 w - a +6 ring of dexterity (left hand)
 z - a +6 ring of strength (right hand)
Wands
 y - a wand of digging (1)
Scrolls
 f - 2 scrolls of poison
 g - a scroll of torment
 o - a scroll of fog
 t - 3 scrolls of immolation
 v - 2 scrolls of amnesia
 x - 3 scrolls of enchant armour
 A - 2 scrolls of identify
Potions
 b - 2 potions of invisibility
 c - 2 potions of resistance
 d - a potion of lignification {unknown}
 e - 2 potions of haste
 h - 2 potions of degeneration {unknown}
 i - 4 potions of heal wounds
 k - 2 potions of brilliance
 l - a potion of might
 m - 2 potions of curing
 q - a potion of mutation
 s - 2 potions of ambrosia
 u - a potion of flight {unknown}
 B - a potion of attraction {unknown}


   Skills:
 + Level 2.6 Fighting
 + Level 3.4 Short Blades
 + Level 1.1 Maces & Flails
 + Level 3.6 Dodging
 + Level 7.2 Stealth
 + Level 8.7 Spellcasting
 + Level 0.8 Transmutations
 + Level 8.4 Earth Magic


You had 16 spell levels left.
You knew the following spells:

 Your Spells              Type           Power      Damage    Failure   Level
a - Sandblast             Erth           68%        2d15      1%          1
b - Passwall              Tmut/Erth      17%        N/A       2%          2
c - Stone Arrow           Conj/Erth      40%        3d9       5%          3
d - Petrify               Tmut/Erth      21%        N/A       16%         4

Your spell library contained the following spells:

 Spells                   Type           Power      Damage    Failure   Level
 Freeze                   Ice            28%        1d5       11%         1
 Magic Dart               Conj           28%        1d4       11%         1
 Wereblood                Tmut           9%         N/A       11%         2
 Call Imp                 Summ           14%        N/A       16%         2
 Sublimation of Blood     Necr           7%         N/A       16%         2
 Frozen Ramparts          Ice            14%        1d3       30%         3
 Hailstorm                Conj/Ice       7%         3d4       30%         3
 Mephitic Cloud           Conj/Pois/Air  7%         N/A       30%         3
 Summon Hydra             Summ           3%         N/A       100%        7


Dungeon Overview and Level Annotations

Branches:
Dungeon (9/15)             Temple (1/1) D:4             Orc (0/2) D:9
   Lair: D:8-11

Altars:
Ashenzari
Cheibriados
Dithmenos
Fedhas
Gozag
Hepliaklqana
Kikubaaqudgha
Nemelex Xobeh
Okawaru
Qazlal
Ru
Sif Muna
Uskayaw
Vehumet
Wu Jian
Xom
Yredelemnul


Innate Abilities, Weirdness & Mutations

You have a pair of small horns on your head.
A demonic guardian rushes to your aid.
Spells you cast may paralyse nearby enemies.
Your system is resistant to poisons. (rPois)


Message History

You can't see any susceptible monsters within range! (Use Z to cast anyway.)
Casting: Sandblast (safe; 1% risk of failure)
Confirm with . or Enter, or press ? or * to list all spells.
Aiming: Sandblast (safe; 1% risk of failure)
Press: ? - help, Shift-Dir - straight line The blast of sand hits something but does no damage.
Malevolent energies surge around you.
Casting: Sandblast (safe; 1% risk of failure)
Confirm with . or Enter, or press ? or * to list all spells.
Aiming: Sandblast (safe; 1% risk of failure)
Press: ? - help, Shift-Dir - straight line The blast of sand hits something but does no damage.
Malevolent energies surge around you.
You hit something but do no damage.
You hear some strange, mumbled words.
Something tries to affect you, but you resist.
You hit something. You barely miss something. Something barely misses you.
Something bites you.
Something draws strength from your injuries!
You hit something but do no damage. Something hits you!
A demonic guardian appears!
Something bites you!
Something draws strength from your injuries!
You hit something but do no damage. Your headbutt misses something.
Something hits you. Something completely misses you.
You closely miss something. Your headbutt misses something.
Your hellwing barely misses something.
Your hellwing hits something but does no damage.
Something hits you. Something bites you.
Something draws strength from your injuries!
You hit something but do no damage. Your hellwing hits something!
Your hellwing barely misses something.
Something hits you.
* * * LOW HITPOINT WARNING * * *
Something bites you!
* * * LOW HITPOINT WARNING * * *
Something draws strength from your injuries!
You barely miss something. Your hellwing hits something!
Your hellwing closely misses something.
You miss something. You headbutt something.
Something draws life force from you!
You die...

#.... #........'
###.... #........
........ #.......
####.... #.)..).
#.... ..... ####. 4..
#... #{# #.## #@# #.#
#.### #.# #...# #.#
######'## ###.##
#.......# ######.....
#.......###.......[..
#.......'...####.....
#.......##### #...<.
#.......# ######


You could see a friendly hellwing (summoned).

Vanquished Creatures
  A two-headed ogre (D:9)
  A hornet (D:8)
  5 yaks (D:9)
  The ghost of scisormetimb3rs the Trooper, an amateur GrFi (D:7)
  2 water moccasins
  An orc warrior (D:9)
  2 sky beasts
  2 ice beasts
  A black bear (D:6)
  3 ogres
  2 centaurs
  5 phantoms
  2 kobold brigands
  2 bullfrogs
  3 wights (D:8)
  5 killer bees (D:9)
  A howler monkey (D:7)
  6 jellies
  5 quasits (D:7)
  2 hounds
  5 orc priests
  Jessica (D:2)
  5 iguanas
  12 orc wizards
  3 adders
  A shadow imp (D:7)
  A white imp (D:7)
  An ufetubus (D:7)
  3 worms
  4 dart slugs
  26 orcs
  5 ball pythons
  4 bats
  6 endoplasms
  4 giant cockroaches
  5 goblins
  8 hobgoblins
  3 quokkas
  3 frilled lizards
  14 kobolds
  7 rats
173 creatures vanquished.

Vanquished Creatures (collateral kills)
  A centaur warrior (D:9)
  A wraith (D:9)
  A sleepcap (D:4)
  An endoplasm (D:4)
  A hobgoblin (D:1)
  A goblin (D:1)
6 creatures vanquished.

Grand Total: 179 creatures vanquished

Notes
Turn   | Place    | Note
-------+----------+-------------------------------------------
     0 | D:1      | DemonSlayer the Demonspawn Earth Elementalist began the
                  | quest for the Orb.
     0 | D:1      | Reached XP level 1. HP: 13/13 MP: 3/3
   118 | D:1      | Gained mutation: A weak demonic guardian rushes to your
                  | aid. [demonic ancestry]
   118 | D:1      | Reached XP level 2. HP: 17/19 MP: 0/5
   526 | D:1      | Reached XP level 3. HP: 22/24 MP: 4/6
   722 | D:1      | Learned a level 2 spell: Passwall
   726 | D:1      | Learned a level 3 spell: Stone Arrow
   893 | D:2      | Noticed Jessica
   899 | D:2      | Killed Jessica
   920 | D:2      | Reached skill level 1 in Maces & Flails
   920 | D:2      | Gained mutation: Spells you cast may paralyse adjacent
                  | enemies. [demonic ancestry]
   920 | D:2      | Reached XP level 4. HP: 20/30 MP: 0/7
  2239 | D:3      | Gained mutation: Spells you cast may paralyse nearby
                  | enemies. [demonic ancestry]
  2239 | D:3      | Reached XP level 5. HP: 31/35 MP: 2/9
  2505 | D:3      | Found a hide-covered altar of Uskayaw.
  2602 | D:3      | Found a stormy altar of Qazlal.
  2602 | D:3      | Found an opulent altar of Gozag.
  2615 | D:3      | Learned a level 4 spell: Petrify
  2644 | D:3      | Gained mutation: Your body sometimes deteriorates upon
                  | taking damage. [potion of mutation]
  2644 | D:3      | Gained mutation: You have hidden genetic potential. [potion
                  | of mutation]
  2782 | D:3      | Lost mutation: You have hidden genetic potential. [potion
                  | of mutation]
  2782 | D:3      | Lost mutation: Your body sometimes deteriorates upon taking
                  | damage. [potion of mutation]
  2782 | D:3      | Gained mutation: Your system is resistant to poisons.
                  | (rPois) [potion of mutation]
  2955 | D:4      | Gained mutation: You have a pair of small horns on your
                  | head. [demonic ancestry]
  2955 | D:4      | Reached XP level 6. HP: 42/42 MP: 8/11
  3045 | D:4      | Reached skill level 1 in Short Blades
  3387 | D:4      | Found a staircase to the Ecumenical Temple.
  3465 | Temple   | Entered the Ecumenical Temple
  3472 | Temple   | Became a worshipper of Dithmenos the Shadowed
  3520 | D:4      | Reached XP level 7. HP: 41/47 MP: 7/13
  3778 | D:5      | Entered Level 5 of the Dungeon
  3812 | D:5      | Reached skill level 5 in Earth Magic
  3989 | D:5      | Reached skill level 1 in Fighting
  4142 | D:5      | Found an ancient bone altar of Kikubaaqudgha.
  4156 | D:5      | Reached skill level 5 in Spellcasting
  4156 | D:5      | Reached XP level 8. HP: 54/54 MP: 12/15
  4184 | D:5      | Identified the +7 quarterstaff of Bellicose Prudence
                  | {spect, *Slow rF++ rCorr Dex+3}
  4839 | D:6      | Found a sparkling altar of Nemelex Xobeh.
  4853 | D:6      | Found a hazy altar of Hepliaklqana.
  5099 | D:6      | Found a sacrificial altar of Ru.
  5561 | D:7      | Reached * piety under Dithmenos
  5748 | D:7      | Found a basalt altar of Yredelemnul.
  5810 | D:7      | Gained mutation: A demonic guardian rushes to your aid.
                  | [demonic ancestry]
  5810 | D:7      | Reached XP level 9. HP: 61/61 MP: 15/18
  5846 | D:7      | Noticed scisormetimb3rs's ghost (amateur GrFi)
  5852 | D:7      | Found a transporter.
  5914 | D:7      | Found a transporter.
  6290 | D:7      | Reached skill level 5 in Stealth
  6298 | D:7      | Killed scisormetimb3rs's ghost
  6409 | D:8      | Identified the +6 plate armour of the Moon {Contam +Inv
                  | rPois}
  6587 | D:8      | Found a large runed translucent door.
  7003 | D:8      | Reached ** piety under Dithmenos
  7079 | D:8      | Found a large runed translucent door.
  7308 | D:8      | Found an iron altar of Okawaru.
  7324 | D:8      | Found an ornate altar of the Wu Jian Council.
  7411 | D:9      | Found a staircase to the Orcish Mines.
  7775 | D:9      | Reached XP level 10. HP: 68/68 MP: 21/21
  7909 | D:9      | Noticed a two-headed ogre
  7918 | D:9      | Killed a two-headed ogre
  7985 | D:9      | Noticed a centaur warrior
  7994 | D:9      | Killed a centaur warrior
  8210 | D:9      | Killed from afar by a vampire

Illustrated notes

Levels and vault maps discovered:
D:1:      saegor_arrival_simple_c, layout_rooms, minmay_cupped
D:2:      minmay_door_path, layout_basic, uniq_jessica
D:3:      layout_rooms, mainiacjoe_overflow_six_doors_small,
          nicolae_overflow_two_pavilions, minmay_misc_feat_columns
D:4:      layout_cave_pools, minmay_temple_entry_fiery
D:5:      layout_basic, lemuel_doored_altar
D:6:      layout_basic, hangedman_ru_absence, mainiacjoe_overflow_catch_the_wave
D:7:      layout_basic, lemuel_coloured_pillars_altar,
          gammafunk_ghost_stat_death, minmay_diced_spiral
D:8:      layout_basic, jmf_multi_god_temple2
D:9:      layout_roguey, orc_0_dummy
Temple:   hellmonk_temple_two_chambers

Skill      XL: |  1  2  3  4  5  6  7  8  9 10 |
---------------+-------------------------------+-----
Earth Magic    | 3 4 5 6 7 8 |  8.4
Stealth        | 2 3 4 6 7 |  7.2
Maces & Flails | 1 |  1.1
Spellcasting   | 3 4 5 6 7 8 |  8.7
Dodging        | 2 3 |  3.6
Short Blades   | 1 2 3 |  3.4
Fighting       | 1 2 |  2.6
Transmutations | |  0.8

Action                     |  1- 3 |  4- 6 |  7- 9 | 10-12 || total
---------------------------+-------+-------+-------+-------++-------
  Melee: Whip              |    13 |     1 |       |       ||    14
         Dagger            |       |    36 |    61 |    15 ||   112
         Headbutt          |       |     4 |     6 |     2 ||    12
         Punch             |       |       |     2 |       ||     2
   Cast: Sandblast         |    35 |    86 |   123 |    21 ||   265
    Use: Potion            |     1 |     4 |       |       ||     5
         Scroll            |       |    11 |     9 |       ||    20
   Stab: Sleeping          |     1 |     3 |    13 |     3 ||    20
         Paralysed         |       |    16 |    20 |     1 ||    37
 Armour: Robe              |     6 |     5 |    17 |     3 ||    31
  Dodge: Dodged            |    13 |    43 |    53 |    20 ||   129
